 Dungeon Crawl Stone Soup version 0.24.0-13-gcf9b3192b9 (webtiles) character file.

Game seed: 2747603421498483680, levelgen mode: deterministic

23 Katsumi the Scratcher (level 2, 0/13 HPs)
             Began as a Felid Transmuter on Nov 9, 2019.
             Succumbed to an adder's poison
             ... on level 2 of the Dungeon.
             The game lasted 00:01:01 (1002 turns).

Katsumi the Scratcher (Felid Transmuter)            Turns: 1002, Time: 00:01:02

Health: 0/13       AC:  1    Str:  6    XL:     2   Next: 75%
Magic:  2/6        EV: 18    Int: 14    God:
Gold:   21         SH:  0    Dex: 16    Spells: 2/5 levels left
                                        Lives:  0   Deaths: 0

rFire    . . .     SeeInvis +     - Unarmed
rCold    . . .     Gourm    .   (shield unavailable)
rNeg     . . .     Faith    .   (armour unavailable)
rPois    .         Spirit   .   (helmet unavailable)
rElec    .         Reflect  .   (cloak unavailable)
rCorr    .         Harm     .   (gloves unavailable)
MR       .....                  (boots unavailable)
Stlth    ++........             (no amulet)
HPRegen  0.04/turn              e - ring of wizardry
MPRegen  0.10/turn              (no ring)

@: lethally poisoned (0 -> -6), quick
A: very small, no armour, no weapons or thrown items, stealth, claws 1, fangs 3,
see invisible, carnivore, speed 1, shaggy fur 1, slow metabolism 1, sharp paws
a: no special abilities


You were on level 2 of the Dungeon.
You were full.

You visited 1 branch of the dungeon, and saw 2 of its levels.

You collected 21 gold pieces.

Inventory:

Missiles
 a - 32 arrows
Jewellery
 e - a ring of wizardry (left paw)
Scrolls
 b - a scroll of noise {unknown}
 d - a scroll of amnesia {unknown}
 f - a scroll of identify {unknown}
 g - a scroll of enchant armour {unknown}
Comestibles
 c - a ration


   Skills:
 + Level 2.8 Fighting
 - Level 2.6 Dodging
 - Level 3.0 Unarmed Combat
 - Level 2.0 Spellcasting
 * Level 2.2 Transmutations


You had 2 spell levels left.
You knew the following spells:

 Your Spells              Type           Power        Failure   Level  Hunger
a - Beastly Appendage     Tmut           #.....       4%          1    ##.....
b - Sticks to Snakes      Tmut           #.......     6%          2    ###....

Your spell library contained the following spells:

 Spells                   Type           Power        Failure   Level  Hunger
 Spider Form              Tmut/Pois      #.........   17%         3    ####...
 Ice Form                 Ice/Tmut       #.......     50%         4    #####..
 Blade Hands              Tmut           #.........   69%         5    ######.


Dungeon Overview and Level Annotations

Branches:
Dungeon (2/15)

Altars:


Innate Abilities, Weirdness & Mutations

You cannot wear armour.
You are incapable of wielding weapons or throwing items.
Your paws allow you to move quietly. (Stealth)
You have sharp claws.
You have razor-sharp teeth.
You have supernaturally acute eyesight. (SInv)
You are carnivorous and can eat meat at any time.
You cover ground quickly.
You are covered in fur. (AC +1)
You have a slow metabolism.
Your sharp claws are effective at attacking unaware monsters.


Message History

* * * LOW HITPOINT WARNING * * *
Your adder barely misses the adder.
The adder misses you.
You are too injured to fight recklessly!
You are too injured to fight recklessly!
You are too injured to fight recklessly!
You are too injured to fight recklessly!
You are too injured to fight recklessly!
You are too injured to fight recklessly!
Unknown command.
Your adder bites the adder.
You aren't carrying any potions.
Unknown command.
* * * LOW HITPOINT WARNING * * *
You feel sick.
There is a lethal amount of poison in your body!
Unknown command.
Your horns disappear.
* * * LOW HITPOINT WARNING * * *
You feel sick.
You die...

######## #..S.S.#
#.####.#
#.####S######.##
#(.............#
#..###..@......>
......########....
###.....# ..
#........
).......#..
##.##...##.## #.
##... .


You could see an adder and a friendly adder.

Vanquished Creatures
  A dart slug (D:1)
  A giant cockroach (D:1)
  A goblin (D:1)
  4 hobgoblins (D:1)
  5 bats (D:1)
  4 frilled lizards (D:1)
  4 kobolds (D:1)
  3 rats (D:1)
23 creatures vanquished.

Notes
Turn   | Place    | Note
-------+----------+-------------------------------------------
     0 | D:1      | Katsumi the Felid Transmuter began the quest for the Orb.
     0 | D:1      | Reached XP level 1. HP: 9/9 MP: 4/4
   216 | D:1      | Reached XP level 2. HP: 13/13 MP: 4/6
   221 | D:1      | Learned a level 2 spell: Sticks to Snakes
  1002 | D:2      | Succumbed to an adder's poison

Levels and vault maps discovered:
D:1:      dpeg_arrival_windows_large_door, layout_basic
D:2:      layout_loops_ring, evilmike_ruin_ashenzari, serial_bayou_pond_d,
          uniq_robin, uniq_crazy_yiuf_cottage

Skill      XL: |  1 |
---------------+----+-----
Fighting       | 2 |  2.8
Dodging        | |  2.6
Unarmed Combat | |  3.0
Spellcasting   | |  2.0
Transmutations | |  2.2

Action                   || total
-------------------------++-------
Melee: Unarmed           ||    49
       Headbutt          ||     6
       Bite              ||     3
       Punch             ||     1
 Cast: Beastly Appendage ||    19
       Sticks to Snakes  ||     2
 Stab: Sleeping          ||     3
  Eat: Chunk             ||     4
Armor: Skin              ||     3
Dodge: Dodged            ||    39
